 Dungeon Crawl Stone Soup version 0.31.0-7-gf635a9b802 (webtiles) character file.

Game seed: 6997215951978987220

104 Khashishi the Ruffian (level 4, -2/38 HPs)
             Began as a Naga Shapeshifter on Jan 24, 2024.
             Slain by Ijyb
             ... wielding a +0 club
              (4 damage)
             ... on level 3 of the Dungeon.
             The game lasted 00:10:49 (1397 turns).

Khashishi the Ruffian (Naga Shapeshifter)           Turns: 1397, Time: 00:10:50

Health: -2/38      AC: -1    Str: 17    XL:     4   Next: 80%
Magic:  1/4        EV:  9    Int: 12    God:
Gold:   108        SH:  0    Dex: 10    Spells: 3/4 levels left

rFire   . .          .
                       - Unarmed
rCold   . . .        (no shield)
rNeg    . . .        a - +0 animal skin
rPois   +            j - melded +0 helmet
rElec   .            (cloak currently unavailable)
rCorr   .            (gloves currently unavailable)
SInv    +            (no barding)
Will    .....        b - amulet of regeneration
Stlth   ++           (no ring)
HPRegen 1.06/turn    (no ring)
MPRegen 0.09/turn

%: no passive effects
@: beast-form, corroded, very slow
A: beast (slay +2), AC +1, large, see invisible, deformed body, poison
resistance, slowness 2, spit poison 1, naga tail 1
a: Spit Poison, Begin Untransformation


You were on level 3 of the Dungeon.
You were a hulking beast.
You visited 1 branch of the dungeon, and saw 3 of its levels.

You collected 108 gold pieces.

Inventory:

Missiles
 n - 5 poisoned darts
Armour
 a - a +0 animal skin (worn)
 j - a +0 helmet (melded)
Jewellery
 b - an amulet of regeneration (around neck)
 l - a ring of willpower
Talismans
 c - a beast talisman (active)
 d - a flux talisman
Scrolls
 e - a scroll of vulnerability {unknown}
 f - a scroll of poison {unknown}
 h - a scroll of amnesia {unknown}
 i - a scroll of teleportation {unknown}
 m - a scroll of silence {unknown}
 p - a scroll of fog {unknown}
Potions
 g - a potion of might {unknown}
 k - a potion of ambrosia {unknown}
 o - a potion of haste {unknown}


   Skills:
 - Level 1.0 Fighting
 - Level 1.5 Dodging
 + Level 2.5 Stealth
 + Level 4.0 Unarmed Combat
 + Level 0.5 Spellcasting
 + Level 0.0 Earth Magic
 + Level 3.9 Shapeshifting


You had 3 spell levels left.
You knew the following spells:

 Your Spells              Type           Power      Damage    Failure   Level
a - Sandblast             Erth           0%         2d4       30%         1

Your spell library contained the following spells:

 Spells                   Type           Power      Damage    Failure   Level
 Passwall                 Erth           0%         N/A       67%         3
 Stone Arrow              Conj/Erth      0%         3d7       67%         3
 Brom's Barrelling Bould  Conj/Erth      0%         2d3       97%         4


Dungeon Overview and Level Annotations

Branches:
Dungeon (3/15)

Altars:
Elyvilon

Shops:
D:1 :

Annotations:
D:3 Ijyb


Innate Abilities, Weirdness & Mutations

You are a hulking beast.
Your limbs bulge with bestial killing power. (Slay +2)
Your serpentine skin is tough. (AC +1)
You have supernaturally acute eyesight. (SInv)
Armour fits poorly on your strangely shaped body.
Your system is resistant to poisons. (rPois)
You cover ground very slowly.
You can spit poison.
You have a snake-like lower body.


Message History

Aiming: Sandblast (safe; 30% risk of failure)
Press: ? - help, Shift-Dir - straight line, f/p - Ijyb
Aim: Ijyb, wielding a +0 club, wearing a +0 leather armour and carrying a wand of acid (poisoned, 76% to hit)
The blast of sand hits Ijyb but does no damage.
Ijyb zaps a wand.
The bolt of acid misses you.
Casting: Sandblast (safe; 30% risk of failure)
Confirm with . or Enter, or press ? or * to list all spells.
Aiming: Sandblast (safe; 30% risk of failure)
Press: ? - help, Shift-Dir - straight line, f/p - Ijyb
Aim: Ijyb, wielding a +0 club, wearing a +0 leather armour and carrying a wand of acid (poisoned, 76% to hit)
The blast of sand hits Ijyb but does no damage.
Ijyb zaps a wand.
The bolt of acid hits you!!
Ouch! That really hurt!
Okay, then.
Unknown command.
Okay, then.
Unknown command.
Casting: Sandblast (safe; 30% risk of failure)
Confirm with . or Enter, or press ? or * to list all spells.
Aiming: Sandblast (safe; 30% risk of failure)
Press: ? - help, Shift-Dir - straight line, f/p - Ijyb
Aim: Ijyb, wielding a +0 club, wearing a +0 leather armour and carrying a wand of acid (lightly wounded, poisoned, 76% to hit)
The blast of sand hits Ijyb but does no damage.
Ijyb is lightly wounded.
You have got your breath back.
Ijyb zaps a wand.
The bolt of acid hits you!
* * * LOW HITPOINT WARNING * * *
The acid corrodes you!
Aiming: Spit Poison (1% risk of failure)
Press: ? - help, Shift-Dir - straight line, f/p - Ijyb
Aim: Ijyb, wielding a +0 club, wearing a +0 leather armour and carrying a wand of acid (lightly wounded, poisoned, 50% to hit)
The splash of poison misses Ijyb.
Ijyb hits you with a +0 club!
* * * LOW HITPOINT WARNING * * *
Ijyb barely misses you.
You hit Ijyb but do no damage.
Ijyb is moderately wounded.
You have got your breath back.
Ijyb looks more healthy.
Ijyb hits you with a +0 club.
You die...

#.# #. ...##### #.#
#. ..#<.. #####.
##.....## #..##.
#.......# ##.##.
#.$#.#.# #.#...
#...#.# ##.##.
##.g..####+# #.##.
#..h..##...# #.##.
##...#.#..# #.##.
##...##.#######.#..
##...........)....
###.############.
#...# #....#
#...#.# #....#.#


You could see Ijyb.

Vanquished Creatures
  3 adders
  3 ribbon worms (D:2)
  A dart slug (D:1)
  5 bats
  6 endoplasms
  3 giant cockroaches (D:1)
  7 hobgoblins
  6 jackals (D:1)
  4 quokkas
  4 ball pythons
  4 frilled lizards
  4 goblins
  6 kobolds
  10 rats
66 creatures vanquished.

Notes
Turn   | Place    | Note
-------+----------+-------------------------------------------
     0 | D:1      | Khashishi the Naga Shapeshifter began the quest for the
                  | Orb.
     0 | D:1      | Reached XP level 1. HP: 18/18 MP: 1/1
     1 | D:1      | Found a runed translucent door.
    30 | D:1      | Reached XP level 2. HP: 25/25 MP: 2/2
   139 | D:1      | Learned a level 1 spell: Sandblast
   167 | D:1      | Found Anehulo's Book Shoppe.
   185 | D:1      | Reached XP level 3. HP: 31/31 MP: 1/3
   468 | D:1      | Reached skill level 1 in Stealth
   771 | D:2      | Reached XP level 4. HP: 38/38 MP: 4/4
   953 | D:2      | Reached skill level 4 in Unarmed Combat
  1052 | D:2      | Found a white marble altar of Elyvilon.
  1390 | D:3      | Noticed Ijyb
  1396 | D:3      | HP: 1/38 [Ijyb/+0 club (8)]
  1397 | D:3      | Slain by Ijyb

Illustrated notes

Levels and vault maps discovered:
D:1:      dpeg_arrival_caged_fury, layout_loops_ring, serial_shops,
          nicolae_shop_statue_plus
D:2:      layout_rooms, basic_altar, minmay_pentomino_o2
D:3:      layout_loops_ring, led_xom_imps, nicolae_figureground_pulse, uniq_ijyb

Skill      XL: |  1  2  3  4 |
---------------+-------------+-----
Stealth        | 1 2 |  2.5
Unarmed Combat | 4 |  4.0
Fighting       | |  1.0
Dodging        | |  1.5
Spellcasting   | |  0.5
Shapeshifting  | |  3.9

Action                     |  1- 3 |  4- 6 || total
---------------------------+-------+-------++-------
  Melee: Unarmed           |    58 |    23 ||    81
         Punch             |     1 |     1 ||     2
   Cast: Sandblast         |     5 |    10 ||    15
Ability: Spit Poison       |    23 |    19 ||    42
    Use: Potion            |     1 |       ||     1
 Armour: Skin              |    26 |       ||    26
         Animal skin       |    19 |    14 ||    33
  Dodge: Dodged            |     9 |    10 ||    19
   Form: Beast             |       |     2 ||     2
                           |       |     1 ||     1
